[Event "ICCopen2017"]
[Site "Internet Chess Club"]
[Date "2017.03.19"]
[Round "4"]
[White "ural"]
[Black "dfvm"]
[Result "1-0"]
[ICCResult "Black forfeits on time"]
[WhiteElo "2474"]
[BlackElo "1967"]
[Opening "Sicilian defense"]
[ECO "B20"]
[NIC "SI.48"]
[Time "19:48:31"]
[TimeControl "180+0"]

1. e4 c5 2. b3 Nc6 3. Bb2 b6 4. Qf3 Bb7 5. Qg3 Nf6 6. e5 Ne4 7. Qh4 Nb4 8.
Bd3 e6 9. Qxd8+ Rxd8 10. Nf3 Be7 11. O-O Nxd3 12. cxd3 Ng5 13. Ne1 h6 14. f4
Nh7 15. Nf3 Ba6 16. Ne1 O-O 17. Na3 d5 18. Rf3 b5 19. Nac2 b4 20. a3 Bb7 21.
axb4 cxb4 22. Rxa7 Rb8 23. Bd4 Rfc8 24. Kf1 Nf8 25. Ke2 Nd7 26. Ne3 Bc5 27.
Bxc5 Nxc5 28. N1c2 d4 29. Nxd4 Bxf3+ 30. gxf3 Ra8 31. Rxa8 Rxa8 32. Nec2 Rb8
33. Ke3 Rb6 34. f5 exf5 35. Nxf5 Nxb3 36. d4 Kf8 37. d5 Na5 38. d6 Ke8 39.
Kd3 Kd7 40. Nfe3 b3 41. Na3 b2 42. Nb1 Nb3 43. Nc4 Rb7 44. Kc3 Nc1 45. d4
Ne2+ 46. Kd3 Nf4+ 47. Ke4 Ne6 48. Na5 Rb4 49. Nc4 Rxc4 50. Kd3 Rxd4+ 51. Kc3
Rd5 52. Kxb2 Rxe5 53. Nc3 Kxd6 54. Kb3 Kd7 55. Kc4 Re3 56. Nd5 Rxf3 57. Nb6+
{Black forfeits on time}
1-0

[Event "ICCopen2017"]
[Site "Internet Chess Club"]
[Date "2017.03.19"]
[Round "4"]
[White "Paganini2"]
[Black "Koval"]
[Result "0-1"]
[ICCResult "White forfeits on time"]
[WhiteElo "1438"]
[BlackElo "1881"]
[Opening "Nimzo-Indian: Sämisch variation"]
[ECO "E24"]
[NIC "NI.18"]
[Time "19:49:08"]
[TimeControl "180+0"]

1. d4 Nf6 2. c4 e6 3. Nc3 Bb4 4. a3 Bxc3+ 5. bxc3 b6 6. Qc2 Bb7 7. f3 d6 8.
e4 Nbd7 9. Bd3 e5 10. Ne2 h6 11. Rb1 a5 12. O-O g5 13. Ng3 Nf8 14. Nf5 Ng6
15. Ng7+ Kf8 16. Nf5 Bc8 17. Ng3 Nf4 18. Bxf4 gxf4 19. Ne2 Rg8 20. Kf2 Nd7
21. Rh1 Qg5 22. g3 h5 23. Rbg1 Qf6 24. Qd2 fxg3+ 25. hxg3 exd4 26. cxd4 c5
27. Rxh5 cxd4 28. Rf5 Qh8 29. Rd5 Ne5 30. Nxd4 Qh2+ 31. Rg2 Qh1 32. Rxe5
dxe5 33. Ne2 Bh3 34. Nf4 Bxg2 35. Nxg2 Rd8 36. Qe3 Rd4 37. f4 Qd1
{White forfeits on time}
0-1

[Event "ICCopen2017"]
[Site "Internet Chess Club"]
[Date "2017.03.19"]
[Round "4"]
[White "HuevosDeLeon"]
[Black "K-Georgiev"]
[Result "0-1"]
[ICCResult "White checkmated"]
[WhiteElo "2602"]
[BlackElo "2968"]
[Opening "Queen's pawn: London system"]
[ECO "A45"]
[NIC "QP.07"]
[Time "19:48:53"]
[TimeControl "180+0"]

1. d4 Nf6 2. Bf4 c5 3. e3 cxd4 4. exd4 Qb6 5. Nc3 e6 6. Rb1 Nc6 7. Nf3 Bb4
8. Be2 O-O 9. O-O Qa5 10. Bd2 Bxc3 11. bxc3 d6 12. c4 Qc7 13. Bd3 h6 14. c3
Na5 15. Qa4 b6 16. Bf4 Ba6 17. Nd2 Rfc8 18. Rb4 Nd5 19. cxd5 Bxd3 20. Re1
exd5 21. Re3 Qxc3 22. h4 Qc2 23. Qa3 Bg6 24. Rg3 Qf5 25. Be3 Rc2 26. Nf3
Rac8 27. Rb1 R2c3 28. Qb2 Qxb1+ 29. Qxb1 Bxb1 30. Bxh6 g6 31. h5 Be4 32.
hxg6 fxg6 33. Ng5 Rxg3 34. fxg3 Rc2 35. Kh2 Rxg2+ 36. Kh3 Rxa2 37. Ne6 Bf5+
38. Kh4 Bxe6 39. Kg5 Kf7 40. Kf4 Nc6 41. Bg5 b5 42. g4 b4 43. Kg3 b3 44. Bc1
Rc2 45. Ba3 b2 46. Kf4 b1=Q 47. Kg5 Qd1 48. Bc1 Qxc1+ 49. Kh4 Qf4 50. Kh3
Qxg4# {White checkmated} 0-1

[Event "ICCopen2017"]
[Site "Internet Chess Club"]
[Date "2017.03.19"]
[Round "4"]
[White "Cramagica"]
[Black "KnightHopper"]
[Result "0-1"]
[ICCResult "White forfeits on time"]
[WhiteElo "1151"]
[BlackElo "1576"]
[Opening "English opening"]
[ECO "A05"]
[NIC "QP.11"]
[Time "19:48:52"]
[TimeControl "180+0"]

1. Nf3 Nf6 2. c4 d6 3. Nc3 Nbd7 4. g3 c5 5. Bg2 b6 6. e3 Bb7 7. O-O g6 8. a3
Bg7 9. Rb1 O-O 10. d4 e6 11. d5 e5 12. e4 Nxe4 13. Nxe4 h6 14. Nxd6 Qc7 15.
Nxb7 Qxb7 16. Be3 e4 17. Nd2 f5 18. Re1 Ne5 19. Nf1 Nd3 20. Re2 Qe7 21. Qd2
g5 22. h4 f4 23. gxf4 gxf4 24. Bxf4 Nxf4 25. Re3 Qxh4 26. Rg3 Nxg2 27. Rxg2
Kh7 28. Ne3 Be5 29. d6 Rg8 30. Qd5 Rxg2+ {White forfeits on time} 0-1

[Event "ICCopen2017"]
[Site "Internet Chess Club"]
[Date "2017.03.19"]
[Round "4"]
[White "marinocid"]
[Black "zxgifteD"]
[Result "0-1"]
[ICCResult "White forfeits on time"]
[WhiteElo "1832"]
[BlackElo "2204"]
[Opening "Sicilian defense"]
[ECO "B41"]
[NIC "SI.41"]
[Time "19:49:15"]
[TimeControl "180+0"]

1. e4 c5 2. Nf3 e6 3. d4 cxd4 4. Nxd4 Bc5 5. Nb3 Bb6 6. Qg4 Nf6 7. Qh4 d5 8.
exd5 Nxd5 9. Qxd8+ Bxd8 10. c4 Nb4 11. Na3 Bf6 12. Be2 Bd7 13. O-O O-O 14.
Nb5 N8a6 15. a3 Nc6 16. Rb1 Rad8 17. Be3 b6 18. Rfd1 e5 19. Bd3 Bg4 20. f3
Be6 21. Be2 Bf5 22. Rbc1 Be7 23. Nc3 Nc5 24. Nxc5 Bxc5 25. Nd5 Bxe3+ 26.
Nxe3 Be6 27. Kf2 Nd4 28. Bd3 f5 29. b4 Rfe8 30. Bf1 f4 31. Nc2 Nb3 32. Rb1
Nd2 {White forfeits on time} 0-1

[Event "ICCopen2017"]
[Site "Internet Chess Club"]
[Date "2017.03.19"]
[Round "4"]
[White "GreyWarden"]
[Black "Mysterious17"]
[Result "1-0"]
[ICCResult "Black forfeits on time"]
[WhiteElo "2023"]
[BlackElo "1722"]
[Opening "Alekhine's defense: two pawns' (Lasker's) attack"]
[ECO "B02"]
[NIC "AL.10"]
[Time "19:49:32"]
[TimeControl "180+0"]

1. e4 Nf6 2. e5 Nd5 3. c4 Nb6 4. c5 Nd5 5. Bc4 e6 6. Nc3 Nxc3 7. bxc3 d6 8.
cxd6 cxd6 9. Nf3 Nc6 10. Qe2 Qc7 11. exd6 Bxd6 12. d4 a6 13. O-O O-O 14. Re1
Re8 15. Bd2 e5 16. d5 Nd8 17. Ng5 Bf5 18. Ne4 Bf8 19. Bd3 f6 20. Nxf6+ gxf6
21. Bxf5 Qg7 22. c4 Bc5 23. Be3 b6 24. Bxc5 bxc5 25. Rab1 Nb7 26. Be6+ Kh8
27. Rb3 Nd6 28. Rg3 Qf8 29. Rg8+ Qxg8 30. Bxg8 Rxg8 31. g3 Rae8 32. Rb1 f5
33. Rb6 Ne4 34. f3 Nc3 35. Qe3 f4 36. Qxc3 fxg3 37. hxg3 Rxg3+ 38. Kf2 Reg8
39. Qxe5+ {Black forfeits on time} 1-0

[Event "ICCopen2017"]
[Site "Internet Chess Club"]
[Date "2017.03.19"]
[Round "4"]
[White "zhuzhenghai008"]
[Black "kfactor"]
[Result "1-0"]
[ICCResult "Black checkmated"]
[WhiteElo "1763"]
[BlackElo "1348"]
[Opening "Queen's pawn"]
[ECO "A40"]
[NIC "QO.17"]
[Time "19:49:40"]
[TimeControl "180+0"]

1. d4 h5 2. c4 g6 3. Nc3 e6 4. e4 Bh6 5. f4 d6 6. Nf3 c6 7. Bd3 a6 8. O-O b5
9. d5 b4 10. Ne2 c5 11. dxe6 Bxe6 12. f5 gxf5 13. exf5 Bd7 14. Nf4 Qf6 15.
Nd5 Qd8 16. Bf4 Bxf4 17. Nxf4 Nc6 18. Qe2+ Nce7 19. Ng5 Nf6 20. Rae1 Rg8 21.
Nxh5 Nxh5 22. Qxh5 Qc7 23. f6 Kd8 24. fxe7+ Kc8 25. Qxf7 Kb7 26. Ne4 Rae8
27. Nf6 Rxe7 28. Rxe7 Rd8 29. Rxd7 Rxd7 30. Qxd7 Qxd7 31. Nxd7 Kc7 32. Rf7
Kc6 33. h4 a5 34. Nb8+ Kb6 35. Be4 a4 36. Rb7+ Ka5 37. Rb5# {Black
checkmated} 1-0

[Event "ICCopen2017"]
[Site "Internet Chess Club"]
[Date "2017.03.19"]
[Round "4"]
[White "canary2016"]
[Black "doug50"]
[Result "0-1"]
[ICCResult "White forfeits on time"]
[WhiteElo "1193"]
[BlackElo "1194"]
[Opening "Caro-Kann defense"]
[ECO "B15"]
[NIC "CK.05"]
[Time "19:49:49"]
[TimeControl "180+0"]

1. e4 c6 2. d4 d5 3. Nc3 c5 4. dxc5 e6 5. exd5 Bxc5 6. dxe6 Qxd1+ 7. Kxd1
Bxe6 8. f3 Nf6 9. Bb5+ Nbd7 10. Bxd7+ Nxd7 11. Nge2 O-O-O 12. Ke1 Rhe8 13.
Kf1 Bc4 14. Bg5 f6 15. Bh4 Re6 16. Re1 Rde8 17. Bf2 Bb4 18. Bg3 Bxc3 19.
bxc3 Bxe2+ 20. Kg1 Bc4 21. Rd1 Bxa2 22. Ra1 Ra6 23. Rd1 Bf7 24. h3 Bg6 25.
Rc1 Rc6 26. Be1 Rce6 27. Bd2 Re2 28. Bf4 Rxc2 29. Rb1 Rxc3
{White forfeits on time}
0-1

[Event "ICCopen2017"]
[Site "Internet Chess Club"]
[Date "2017.03.19"]
[Round "4"]
[White "beaupre"]
[Black "Kusox"]
[Result "0-1"]
[ICCResult "White resigns"]
[WhiteElo "1783"]
[BlackElo "2082"]
[Opening "Caro-Kann: Tartakower (Nimzovich) variation"]
[ECO "B15"]
[NIC "CK.06"]
[Time "19:49:38"]
[TimeControl "180+0"]

1. e4 c6 2. d4 d5 3. Nc3 dxe4 4. Nxe4 Nf6 5. Nxf6+ exf6 6. Nf3 Bd6 7. h3 Bf5
8. Bc4 Qe7+ 9. Be3 Nd7 10. O-O O-O 11. Re1 Qd8 12. c3 a5 13. a4 Qc7 14. Nh4
Bg6 15. Nxg6 hxg6 16. Rc1 Nb6 17. Bb3 Nd5 18. Qg4 f5 19. Qf3 f4 20. Bd2 Nf6
21. c4 b6 22. c5 bxc5 23. dxc5 Be5 24. Bc3 Bxc3 25. Rxc3 Rab8 26. Rc2 Rb4
27. Rce2 Qb7 28. Ba2 Rxb2 29. Rxb2 Qxb2 30. Re2 Qb4 31. Qxc6 Qd4 32. Qb5 f3
33. gxf3 Nh5 34. c6 Nf4 35. Re4 Nxh3+ 36. Kg2 Qxf2+ 37. Kxh3 Qxf3+ 38. Kh2
Qxe4 39. Bd5 Qe5+ 40. Kg2 Qc7 41. Qc4 g5 42. Kf3 g6 43. Kg4 Qf4+ 44. Qxf4
gxf4 45. Kxf4 Re8 46. Bc4 Rc8 47. Bb5 Kf8 48. Ke4 Ke7 49. Kd5 g5 50. Ke5 f6+
51. Kf5 Kd6 52. Kg4 Rxc6 53. Bxc6 Kxc6 54. Kf5 Kc5 55. Kxf6 g4 56. Kg5 g3
57. Kg4 g2 {White resigns} 0-1

[Event "ICCopen2017"]
[Site "Internet Chess Club"]
[Date "2017.03.19"]
[Round "4"]
[White "KH"]
[Black "GYMEJR"]
[Result "1-0"]
[ICCResult "Black forfeits on time"]
[WhiteElo "2016"]
[BlackElo "1553"]
[Opening "Bird's opening"]
[ECO "A03"]
[NIC "VO.07"]
[Time "19:49:16"]
[TimeControl "180+0"]

1. f4 d5 2. Nf3 c6 3. e3 g6 4. d4 Bg7 5. Nbd2 Nf6 6. Bd3 O-O 7. Ne5 Bf5 8.
O-O Nbd7 9. Qf3 Bxd3 10. cxd3 Nxe5 11. dxe5 Nd7 12. d4 e6 13. b3 c5 14. Ba3
Rc8 15. Rfc1 b6 16. Qe2 Re8 17. Qa6 Qc7 18. Rc2 Nb8 19. Qe2 Nd7 20. Rac1 Qb7
21. Nf3 cxd4 22. exd4 Rxc2 23. Rxc2 Rc8 24. Qd2 Rxc2 25. Qxc2 Nb8 26. Kf2
Bf8 27. Bxf8 Kxf8 28. Ng5 Kg7 29. g4 Qc6 30. Qd3 Qc1 31. Qf3 Nc6 32. h4 Qd2+
33. Kg3 Nxd4 34. Qf1 Ne2+ 35. Kf3 Nd4+ 36. Kg3 Qe3+ 37. Kg2 h6 38. Nh3 Qe2+
39. Qxe2 Nxe2 40. Kf2 Nc3 41. a3 Ne4+ 42. Ke3 Nc5 43. b4 Ne4 44. Ng1 h5 45.
g5 Kf8 46. Ne2 Ke7 47. Nd4 Kd7 48. Kd3 a6 49. a4 Ng3 50. Nf3 Nf5 51. Kc3 Kc6
52. Kb3 b5 53. a5 d4 54. Kc2 Kd5 55. Kd3 Ne3 56. Nxd4 Ng2 57. Ne2 Nxh4 58.
Nc3+ Kc6 59. Ne4 Nf5 60. Nf6 h4 61. Ke4 h3 62. Kf3 h2 63. Kg2 Ne3+ 64. Kxh2
Nc2 65. Ne4 Nxb4 66. Nd6 Nd5 67. Nxf7 Nxf4 68. Nd8+ Kc5 69. Kg3 b4 70. Kxf4
b3 71. Nxe6+ {Black forfeits on time} 1-0

[Event "ICCopen2017"]
[Site "Internet Chess Club"]
[Date "2017.03.19"]
[Round "4"]
[White "Falstaf"]
[Black "allmight"]
[Result "1-0"]
[ICCResult "Black forfeits on time"]
[WhiteElo "2963"]
[BlackElo "1995"]
[Opening "Robatsch (modern) defense"]
[ECO "B06"]
[NIC "KF.05"]
[Time "19:48:45"]
[TimeControl "180+0"]

1. e4 g6 2. d4 Bg7 3. Nc3 d6 4. Be3 a6 5. Qd2 b5 6. h4 Nf6 7. f3 h5 8. O-O-O
c6 9. Kb1 Qc7 10. Bd3 b4 11. Nce2 a5 12. Nf4 Nbd7 13. Ngh3 e5 14. Ne2 exd4
15. Nxd4 Ne5 16. Ng5 Rb8 17. Be2 O-O 18. g4 d5 19. gxh5 Nxh5 20. exd5 cxd5
21. Nb5 Qe7 22. Qxd5 Ng3 23. Bc5 Qf6 24. Bxf8 Bxf8 25. Rhe1 Ba6 26. Nd4 Rd8
27. Ne4 Qe7 28. Qxa5 Bxe2 29. Nxe2 Rxd1+ 30. Rxd1 Nxe2 31. Re1 Nc4 32. Qd5
Nb6 33. Qc6 Bg7 34. Rxe2 Qe5 35. c3 bxc3 36. Qxc3 Qb5 37. Qc2 Na4 38. b3 Nb6
39. Rd2 Nd5 40. Qc4 Qa5 41. Qxd5 Qa3 42. Qd3 Kh7 43. Qc2 Qb4 44. Rd1 Qe7 45.
Ng5+ Kh6 46. Rc1 Qe5 47. Qc3 f6 48. Qxe5 {Black forfeits on time} 1-0

[Event "ICCopen2017"]
[Site "Internet Chess Club"]
[Date "2017.03.19"]
[Round "4"]
[White "Kusemaestro"]
[Black "demchog97"]
[Result "0-1"]
[ICCResult "White resigns"]
[WhiteElo "1621"]
[BlackElo "1968"]
[Opening "Réti: King's Indian attack"]
[ECO "A05"]
[NIC "QP.11"]
[Time "19:49:42"]
[TimeControl "180+0"]

1. Nf3 Nf6 2. g3 g6 3. Bg2 Bg7 4. c4 O-O 5. Nc3 d5 6. cxd5 Nxd5 7. O-O Nb6
8. d4 Nc6 9. d5 Na5 10. e4 c6 11. dxc6 bxc6 12. Qc2 h6 13. Rd1 Qc7 14. Bf4
e5 15. Be3 Re8 16. Bc5 Nb7 17. Be3 Nd8 18. Nb5 Qb8 19. Nd6 Re7 20. Nxc8 Qxc8
21. Rac1 Rc7 22. b3 Ne6 23. Qc3 c5 24. Nxe5 Nd7 25. f4 Nxe5 26. fxe5 Rc6 27.
h4 Qc7 28. Bf4 g5 29. hxg5 hxg5 30. Be3 Bxe5 31. Qd2 Rd8 32. Qf2 Rxd1+ 33.
Rxd1 Bxg3 34. Qf5 Bf4 35. Bf2 Nd4 36. Qg4 Rh6 37. Bxd4 cxd4 38. Rxd4 Be3+
{White resigns}
0-1

[Event "ICCopen2017"]
[Site "Internet Chess Club"]
[Date "2017.03.19"]
[Round "4"]
[White "BronStorm"]
[Black "Ceejay24"]
[Result "0-1"]
[ICCResult "White forfeits on time"]
[WhiteElo "1869"]
[BlackElo "2230"]
[Opening "Sicilian"]
[ECO "B56"]
[NIC "SI.25"]
[Time "19:49:12"]
[TimeControl "180+0"]

1. e4 c5 2. Nf3 d6 3. d4 cxd4 4. Nxd4 Nf6 5. Nc3 Nc6 6. f3 e5 7. Nb3 Be7 8.
Be3 a5 9. a4 O-O 10. Nd5 Nxd5 11. exd5 Nb8 12. c4 Nd7 13. Nd2 f5 14. Bd3
Bh4+ 15. g3 f4 16. Bf2 Bg5 17. Ne4 Qe7 18. g4 Bh4 19. Qc2 b6 20. O-O-O Bxf2
21. Nxf2 Nc5 22. Bxh7+ Kh8 23. Be4 Bd7 24. b3 Rfc8 25. h4 b5 26. axb5 a4 27.
b4 Nb3+ 28. Kb2 Bxb5 29. Bd3 Nd4 30. Qc1 a3+ 31. Ka2 Ba4 32. Rd2 Bb3+ 33.
Ka1 Qb7 34. Qc3 Ba4 35. Ne4 Nb3+ 36. Ka2 Nxd2 37. Qxd2 Rcb8 38. b5 Qb6 39.
Bb1 Rc8 40. Qd3 Qe3 41. Qxe3 fxe3 42. Nxd6 Rf8 43. Be4 e2 44. Re1 Bd1 45.
Nf5 g6 {White forfeits on time} 0-1

[Event "ICCopen2017"]
[Site "Internet Chess Club"]
[Date "2017.03.19"]
[Round "4"]
[White "P10"]
[Black "DoctorWho"]
[Result "1-0"]
[ICCResult "Black forfeits on time"]
[WhiteElo "1543"]
[BlackElo "1847"]
[Opening "Sicilian: dragon, Yugoslav attack, Rauser variation"]
[ECO "B76"]
[NIC "SI.17"]
[Time "19:48:47"]
[TimeControl "180+0"]

1. e4 c5 2. Nf3 d6 3. d4 cxd4 4. Nxd4 Nf6 5. Nc3 g6 6. Be3 Bg7 7. f3 O-O 8.
Qd2 Nc6 9. O-O-O d5 10. Qe1 e5 11. Nxc6 bxc6 12. exd5 Nxd5 13. Bc4 Be6 14.
Ne4 Qc7 15. Nc5 Nxe3 16. Nxe6 Qb6 17. Nxg7 Nxc4 18. b3 Kxg7 19. bxc4 Qc5 20.
Qc3 Rab8 21. f4 f6 22. fxe5 fxe5 23. Rd7+ Kg8 24. Re1 Rf5 25. g4 Rf2 26. Qh3
h5 27. Qd3 Rf6 28. gxh5 Qb4 29. Rd8+ Kg7 30. Rxb8 Qxe1+ 31. Kb2 gxh5 32.
Rb7+ Rf7 33. Rxf7+ Kxf7 34. Qd7+ Kf6 35. Qxc6+ Kf5 36. Qd7+ Kf4 37. Qxa7 Ke4
38. Qh7+ Kd4 39. Qxh5 Qc3+ 40. Kb1 Qe1+ 41. Kb2 Qb4+ 42. Kc1 Kc3 43. Qxe5+
Kxc4 44. Qe4+ Kb5 45. Qxb4+ Kxb4 46. h4 Ka3 47. h5 Kxa2 48. h6 Ka3 49. h7
Kb4 50. h8=Q Kc4 51. Qd8 Kb5 52. Kd2 Ka6 53. Kd3 Ka7 54. c3 Kb7 55. Qd7+
{Black forfeits on time}
1-0

[Event "ICCopen2017"]
[Site "Internet Chess Club"]
[Date "2017.03.19"]
[Round "4"]
[White "Alwaysontime"]
[Black "bardenbabe"]
[Result "1-0"]
[ICCResult "Black forfeits on time"]
[WhiteElo "2182"]
[BlackElo "1655"]
[Opening "Old Benoni defense"]
[ECO "A44"]
[NIC "OI.09"]
[Time "19:49:08"]
[TimeControl "180+0"]

1. d4 c5 2. d5 e5 3. dxe6 fxe6 4. c4 Nf6 5. Nc3 Be7 6. g3 d5 7. cxd5 exd5 8.
Bg2 Be6 9. Nf3 Nc6 10. O-O d4 11. Nb1 O-O 12. b3 Bd5 13. Bb2 Qb6 14. Nbd2
Rad8 15. Qc1 Rfe8 16. Nc4 Qc7 17. a4 Bf8 18. Re1 Nb4 19. Ba3 a5 20. Bxb4
axb4 21. a5 Ne4 22. Qc2 Nc3 23. Ng5 g6 24. Bxd5+ Rxd5 25. h4 Bh6 26. Nf3 Be3
27. Kg2 Bxf2 28. Kxf2 Ne4+ 29. Qxe4 Rxe4 30. Rg1 d3 31. e3 Rxc4 32. bxc4 Rf5
33. Kg2 Qd7 34. Rad1 Qc6 35. Rgf1 Qe4 36. Rf2 Rf8 37. Rdf1 Qxe3 38. Ng5
{Black forfeits on time}
1-0

[Event "ICCopen2017"]
[Site "Internet Chess Club"]
[Date "2017.03.19"]
[Round "4"]
[White "sarge"]
[Black "YHWH"]
[Result "1-0"]
[ICCResult "Black forfeits on time"]
[WhiteElo "1750"]
[BlackElo "1481"]
[Opening "Alekhine's defense: Scandinavian variation"]
[ECO "B02"]
[NIC "AL.10"]
[Time "19:49:04"]
[TimeControl "180+0"]

1. e4 Nf6 2. Nc3 d5 3. e5 Nfd7 4. f4 e6 5. Nf3 c5 6. d3 Nc6 7. Be2 Be7 8.
O-O O-O 9. Nb1 f6 10. c3 fxe5 11. fxe5 Ncxe5 12. Nbd2 Ng6 13. Nb3 Bd6 14. d4
c4 15. Nbd2 b5 16. Re1 Qc7 17. Nf1 Nf6 18. Be3 Bd7 19. Qd2 Rae8 20. Rad1 Ne4
21. Qc2 e5 22. Ra1 Bg4 23. h3 Bd7 24. Bd1 Nf6 25. Ng5 e4 26. Nd2 h6 27. Rf1
hxg5 28. Bxg5 Bh2+ 29. Kh1 Qg3 30. Be3 Bxh3 31. Nf3 exf3 32. Rxf3 Bxg2+ 33.
Qxg2 Qxg2+ 34. Kxg2 Bd6 35. Bc2 Nh4+ 36. Kf2 Nxf3 37. Kxf3 Ne4+ 38. Ke2 Ng3+
39. Kd2 Rf3 40. Re1 Be7 41. Bd1 Rf1 42. Be2 Rxe1 43. Kxe1 Nxe2 44. Kxe2 Bg5
45. Kf3 Rxe3+ 46. Kg4 Bh6 47. Kf5 Re2 48. a4 Rxb2 49. Ke5 bxa4 50. Kxd5 a3
51. Kxc4 a2 52. d5 a1=Q 53. Kc5 Rb8 54. c4 Rc8+ 55. Kd6 Qf6+ 56. Kd7 Qb6 57.
d6 Qb7+ 58. Ke6 Qd7+ 59. Kd5 {Black forfeits on time} 1-0

[Event "ICCopen2017"]
[Site "Internet Chess Club"]
[Date "2017.03.19"]
[Round "4"]
[White "Speirs"]
[Black "sec7"]
[Result "1-0"]
[ICCResult "Black forfeits on time"]
[WhiteElo "1648"]
[BlackElo "1334"]
[Opening "Benkö gambit"]
[ECO "A57"]
[NIC "BI.46"]
[Time "19:48:54"]
[TimeControl "180+0"]

1. d4 Nf6 2. c4 c5 3. d5 b5 4. Qc2 g6 5. e4 Bg7 6. e5 Nh5 7. Nf3 d6 8. e6
fxe6 9. g4 Nf6 10. g5 Nh5 11. Nc3 b4 12. Ne4 exd5 13. cxd5 Bf5 14. Bb5+ Nd7
15. Nh4 Bxe4 16. Qxe4 O-O 17. Qe6+ Kh8 18. Qxd7 Qxd7 19. Bxd7 Rad8 20. Be6
Nf4 21. Bxf4 Rxf4 22. Ng2 Re4+ 23. Kf1 Bxb2 24. Rb1 Bd4 25. Re1 Rxe1+ 26.
Nxe1 Rf8 27. f3 Rf4 28. Ke2 Kg7 29. h4 h6 30. gxh6+ Kxh6 31. Ng2 Rf6 32. f4
Kh5 33. Kf3 Rf8 34. Rh3 Rb8 35. Rg3 Kh6 36. Bf7 b3 37. Rxg6+ Kh7 38. axb3
Rxb3+ 39. Kg4 Bf2 40. Kh5 Rg3 41. Rxg3 Bxg3 42. Kg4 Bf2 43. Kf3 a5 44. Kxf2
a4 45. h5 a3 46. Bg6+ Kg7 47. Bb1 c4 48. Ba2 Kh6 49. Ne3 Kxh5 50. Nxc4 Kg6
51. Ke3 Kf6 52. Ke4 Kg6 53. f5+ Kf7 54. Kf4 Kf6 55. Nxa3 Kg7 56. Nb5 Kf6 57.
Nc7 Kf7 58. Ne6 Ke8 59. Kg5 Kd7 60. Kg6 Ke8 61. Kg7 {Black forfeits on time}
1-0

[Event "ICCopen2017"]
[Site "Internet Chess Club"]
[Date "2017.03.19"]
[Round "4"]
[White "SWAT-TEAM"]
[Black "TrendFriend"]
[Result "0-1"]
[ICCResult "White resigns"]
[WhiteElo "1872"]
[BlackElo "2453"]
[Opening "Old Benoni defense"]
[ECO "A43"]
[NIC "OI.09"]
[Time "19:49:16"]
[TimeControl "180+0"]

1. d4 c5 2. e3 Nf6 3. c3 b6 4. Nf3 Bb7 5. Nbd2 g6 6. Bd3 Bg7 7. Qe2 O-O 8.
e4 d6 9. e5 Nd5 10. Ne4 Nc6 11. O-O dxe5 12. dxe5 Qc7 13. e6 f5 14. Neg5 Nf4
15. Bxf4 Qxf4 16. Qe3 Qxe3 17. fxe3 Rad8 18. Rad1 h6 19. Nf7 Rc8 20. e4 Nd8
21. Nxd8 Rcxd8 22. exf5 gxf5 23. Nh4 Be4 24. Be2 Kh7 25. Bh5 Rxd1 26. Rxd1
f4 27. Re1 Bd3 28. Bf7 c4 29. g3 fxg3 30. hxg3 Bf6 31. Nf3 Rd8 32. Kg2 Rd6
33. Ne5 Bxe5 34. Rxe5 Kg7 35. Re3 Bf5 36. Kf3 Kf6 37. g4 Bxe6 38. Bxe6 Rxe6
39. Rxe6+ Kxe6 40. Ke4 Kf6 41. a4 Kg5 42. Kd4 Kxg4 43. Kxc4 h5 44. Kd3 h4
45. Ke2 Kg3 46. Kf1 Kf3 47. b4 Ke3 48. c4 Kd4 49. c5 bxc5 50. bxc5 Kxc5 51.
Kg2 Kb4 52. Kh3 Kxa4 53. Kxh4 Kb3 54. Kg4 a5 55. Kf5 a4 56. Ke5 a3 57. Ke6
a2 58. Kf7 a1=Q 59. Ke8 e5 60. Kf7 e4 61. Ke6 e3 62. Kf5 e2 63. Kg4 e1=Q 64.
Kg5 Qae5+ 65. Kg6 Qf2 {White resigns} 0-1

[Event "ICCopen2017"]
[Site "Internet Chess Club"]
[Date "2017.03.19"]
[Round "4"]
[White "glokoll"]
[Black "turolo"]
[Result "0-1"]
[ICCResult "White forfeits on time"]
[WhiteElo "1501"]
[BlackElo "1897"]
[Opening "Benko's opening"]
[ECO "A00"]
[NIC "VO.09"]
[Time "19:48:57"]
[TimeControl "180+0"]

1. g3 d5 2. Bg2 Bf5 3. c4 Nc6 4. cxd5 Nb4 5. d3 Nf6 6. e4 Bg6 7. a3 Na6 8.
Qb3 Rb8 9. Ne2 e6 10. e5 Nxd5 11. Bd2 Be7 12. O-O O-O 13. Nbc3 Nc5 14. Qc4
Nb6 15. Qf4 Nxd3 16. Qe3 Nxb2 17. Nd4 N2c4 18. Qf4 Nxd2 19. Qxd2 Bc5 20. Nb3
Qxd2 21. Nxd2 Bd4 22. Rac1 Rfd8 23. Nde4 Bxe5 24. h3 c6 25. Kh2 Nd5 26. Na4
Nb6 27. Nxb6 axb6 28. a4 Ra8 29. Rc4 Bc7 30. f4 Ra5 31. Ng5 b5 32. axb5 Rxb5
33. h4 Rb2 34. Nf3 Bh5 35. Kh3 Bxf3 36. Rxf3 Rdd2 37. Bf1 h5 38. g4 Rh2+ 39.
Kg3 hxg4 40. Kxg4 Bd8 41. Rh3 Rhd2 42. Re4 Bf6 43. Bd3 Rd1 44. Bc4 Rg1+ 45.
Kf3 b5 46. Bd3 Rb3 47. Ke3 Rd1 48. Ke2 Rdb1 49. Bxb1 Rxh3
{White forfeits on time}
0-1

[Event "ICCopen2017"]
[Site "Internet Chess Club"]
[Date "2017.03.19"]
[Round "4"]
[White "capatal1"]
[Black "hamlet"]
[Result "0-1"]
[ICCResult "White forfeits on time"]
[WhiteElo "1391"]
[BlackElo "1655"]
[Opening "Queen's pawn game"]
[ECO "D02"]
[NIC "QP.08"]
[Time "19:49:31"]
[TimeControl "180+0"]

1. d4 d5 2. Nf3 e6 3. c3 Nf6 4. Bg5 Be7 5. Nbd2 O-O 6. e3 b6 7. Bd3 Bb7 8.
Qe2 Nbd7 9. O-O a6 10. a4 c5 11. b3 Ne4 12. Bxe4 Bxg5 13. Bc2 f5 14. Ne5
Nxe5 15. dxe5 f4 16. exf4 Bxf4 17. Nf3 Qe8 18. g3 Bh6 19. h4 Qh5 20. Qd3 g6
21. Bd1 d4 22. Ng5 Bf3 23. Bxf3 Rxf3 24. Nxf3 Rf8 {White forfeits on time}
0-1

[Event "ICCopen2017"]
[Site "Internet Chess Club"]
[Date "2017.03.19"]
[Round "4"]
[White "Jude"]
[Black "leole51"]
[Result "0-1"]
[ICCResult "White checkmated"]
[WhiteElo "1928"]
[BlackElo "1629"]
[Opening "Ruy Lopez: exchange variation, Alapin gambit"]
[ECO "C68"]
[NIC "RL.08"]
[Time "19:49:05"]
[TimeControl "180+0"]

1. e4 e5 2. Nf3 Nc6 3. Bb5 a6 4. Bxc6 dxc6 5. O-O Bg4 6. h3 h5 7. d3 Qf6 8.
Nbd2 Ne7 9. Re1 Bxf3 10. Qxf3 Qxf3 11. Nxf3 Ng6 12. d4 exd4 13. Nxd4 O-O-O
14. Nf5 h4 15. Be3 Ne5 16. b3 g6 17. Nd4 Bg7 18. Rad1 Rd7 19. Ne2 Re7 20. f4
Nd7 21. e5 f6 22. exf6 Bxf6 23. Kf2 Rhe8 24. Bc1 Nc5 25. Ng1 Bd4+ 26. Kf1
Rxe1+ 27. Rxe1 Rxe1+ 28. Kxe1 Bxg1 29. Ke2 Ne6 30. Kf3 Nd4+ 31. Kg4 Nxc2 32.
Kxh4 Kd7 33. Kg5 Be3 34. Bxe3 Nxe3 35. g4 Nd5 36. f5 gxf5 37. Kxf5 Ke7 38.
g5 Kf7 39. h4 Ne7+ 40. Kg4 Kg7 41. h5 c5 42. Kf4 b5 43. Ke5 Nc6+ 44. Kd5
Nb4+ 45. Kxc5 Nxa2 46. Kc6 Nc1 47. b4 Nd3 48. Kxc7 Nxb4 49. Kb6 Nd5+ 50. Ka5
b4 51. Ka4 a5 52. Kb3 Nb6 53. Kb2 a4 54. Ka2 Nd5 55. Kb2 Nf4 56. Kc2 Nxh5
57. Kd3 Kg6 58. Kc4 a3 59. Kb3 Kxg5 60. Kxb4 a2 61. Kc4 a1=Q 62. Kc5 Qc3+
63. Kd5 Nf4+ 64. Ke4 Qc4+ 65. Ke3 Qd3+ 66. Kf2 Kg4 67. Ke1 Qc2 68. Kf1 Qe2+
69. Kg1 Qg2# {White checkmated} 0-1

[Event "ICCopen2017"]
[Site "Internet Chess Club"]
[Date "2017.03.19"]
[Round "4"]
[White "Activekids"]
[Black "Shadeath"]
[Result "0-1"]
[ICCResult "White forfeits on time"]
[WhiteElo "1990"]
[BlackElo "2894"]
[Opening "Caro-Kann: Tartakower (fantasy) variation"]
[ECO "B12"]
[NIC "CK.02"]
[Time "19:49:20"]
[TimeControl "180+0"]

1. e4 c6 2. d4 d5 3. f3 e6 4. Nc3 Bb4 5. a3 Ba5 6. b4 Bc7 7. e5 a5 8. b5 c5
9. f4 cxd4 10. Qxd4 Bb6 11. Qd1 Nh6 12. Qf3 Nd7 13. Na4 Ba7 14. Nh3 O-O 15.
Bd3 f6 16. exf6 Qxf6 17. Bb2 Bd4 18. c3 Ba7 19. c4 Bd4 20. Qe2 Bxb2 21. Qxb2
Qh4+ 22. Kd2 e5 23. fxe5 dxc4 24. Be2 Qe7 25. Bxc4+ Kh8 26. Rae1 Nc5 27.
Nxc5 Qxc5 28. Qc3 Bxh3 29. gxh3 Rf2+ 30. Kc1 Rc8 31. Re4 Ra2 32. Rd1 Rxa3
33. Qc2 Ra1+ {White forfeits on time} 0-1